 Dungeon Crawl Stone Soup version 0.27.0-1-g7a089689b8 (webtiles) character file.

Game seed: 7597368030863241535

32 Edwards80 the Cudgeller (level 3, 0/31 HPs)
             Began as a Minotaur Fighter on Aug 15, 2021.
             Slain by an adder (3 damage)
             ... on level 2 of the Dungeon.
             The game lasted 00:02:57 (1347 turns).

Edwards80 the Cudgeller (Minotaur Fighter)          Turns: 1347, Time: 00:02:58

Health: 0/31       AC:  8    Str: 18 (21) XL:     3   Next: 8%
Magic:  2/2        EV:  7    Int:  2 (5)  God:
Gold:   54         SH:  8    Dex:  8 (9)  Spells: 2/2 levels left

rFire    . . .     SeeInvis .   a - +0 flail
rCold    . . .     Faith    .   f - +0 kite shield
rNeg     . . .     Spirit   .   b - +0 scale mail
rPois    .         Reflect  .   (helmet restricted)
rElec    .         Harm     .   (no cloak)
rCorr    .         Rampage  .   (no gloves)
Will     .....                  e - +0 pair of boots
Stlth    ..........             (no amulet)
HPRegen  0.10/turn              (no ring)
MPRegen  0.08/turn              (no ring)

@: mighty
A: horns 2, retaliatory headbutt
a: no special abilities


You were on level 2 of the Dungeon.
You visited 1 branch of the dungeon, and saw 2 of its levels.

You collected 54 gold pieces.

Inventory:

Hand Weapons
 a - a +0 flail (weapon)
Armour
 b - a +0 scale mail (worn)
 e - a +0 pair of boots (worn)
 f - a +0 kite shield (worn)
Scrolls
 h - a scroll of teleportation {unknown}


   Skills:
 - Level 3.6 Fighting
 + Level 4.4 Maces & Flails
 - Level 3.6 Armour
 - Level 3.6 Shields


You had 2 spell levels left.
You didn't know any spells.
Your spell library was empty.

Dungeon Overview and Level Annotations

Branches:
Dungeon (2/15)

Altars:


Innate Abilities, Weirdness & Mutations

You have a pair of horns on your head.
You reflexively headbutt those who attack you in melee.


Message History

You barely miss the adder.
The adder is lightly wounded.
You feel very sick. You block the adder's attack. The adder bites you.
You are too injured to fight recklessly!
You are too injured to fight recklessly!
You are too injured to fight recklessly!
You are too injured to fight recklessly!
You feel sick.
You feel sick.
You feel sick. The adder barely misses you.
You sock the adder!
The adder is severely wounded.
You feel sick. You block the adder's attack.
You miss the adder.
The adder is severely wounded.
You feel sick. You block the adder's attack.
The adder bites you but does no damage.
Your shield prevents you from hitting the adder.
The adder is severely wounded.
You feel sick.
You are no longer poisoned.
You block the adder's attack.
The rat twitches its whiskers.
You block the adder's attack.
It was a potion of cancellation.
You feel magically purged. You block the adder's attack.
It was a potion of degeneration.
There was something very wrong with that liquid.
You feel weakened.
You feel dopey.
You feel clumsy. The adder bites you.
* * * LOW HITPOINT WARNING * * *
The adder bites you.
* * * LOW HITPOINT WARNING * * *
You feel very mighty all of a sudden. The adder bites you but does no damage.
As you read the scroll labelled XUCATHRIPIB, it crumbles to dust.
It is a scroll of amnesia.
You feel forgetful for a moment. The adder bites you.
You die...

#....##
#.####
###.#
#<..#
#.###
#.#
#.##
#.#
....
#.# ..#
#@# ###
#S# #r#
#(#
####
#.#
....
#.#
####
#.# #>#
#.#


You could see an adder and a rat.

Vanquished Creatures
  A worm (D:2)
  A dart slug (D:1)
  3 ball pythons
  4 bats (D:1)
  2 endoplasms
  2 giant cockroaches (D:1)
  A goblin (D:1)
  3 hobgoblins (D:1)
  2 quokkas (D:1)
  A frilled lizard (D:2)
  3 kobolds
23 creatures vanquished.

Notes
Turn   | Place    | Note
-------+----------+-------------------------------------------
     0 | D:1      | Edwards80 the Minotaur Fighter began the quest for the Orb.
     0 | D:1      | Reached XP level 1. HP: 19/19 MP: 0/0
   181 | D:1      | Reached skill level 3 in Maces & Flails
   408 | D:1      | Reached XP level 2. HP: 26/26 MP: 1/1
   541 | D:1      | Found a faded altar of an unknown god.
   909 | D:1      | Reached skill level 4 in Maces & Flails
  1066 | D:2      | Reached XP level 3. HP: 24/31 MP: 2/2
  1347 | D:2      | Slain by an adder

Illustrated notes

Levels and vault maps discovered:
D:1:      dpeg_arrival_boxorama, layout_loops_ring,
          ebering_ecumenical_altar_abandoned
D:2:      layout_loops_ring, minmay_misc_feat_rugged, amethyst_killhole

Skill      XL: |  1  2 |
---------------+-------+-----
Maces & Flails | 3 4 |  4.4
Fighting       | |  3.6
Armour         | |  3.6
Shields        | |  3.6

Action                   || total
-------------------------++-------
Melee: Flail             ||    91
       Headbutt          ||     8
  Use: Potion            ||     3
       Scroll            ||     1
Armor: Scale mail        ||    45
Dodge: Dodged            ||    32
Block: Kite shield       ||    42
